[Event "Rated Blitz game"]
[Site "?"]
[Date "2021.03.05"]
[Round "?"]
[White "EinarHjalti"]
[Black "Spapan"]
[Result "0-1"]
[ECO "C42"]
[WhiteElo "2462"]
[BlackElo "2314"]
[PlyCount "142"]
[EventDate "2021.??.??"]
[EventType "blitz"]
[TimeControl "180+2"]

1. e4 e5 2. Nf3 Nf6 3. Nxe5 d6 4. Nxf7 Kxf7 5. d4 c5 6. Nc3 cxd4 7. Bc4+ d5 8.
Nxd5 Be6 9. Qxd4 Nc6 10. Qd1 Nxe4 11. Qf3+ Nf6 12. Bg5 Ne5 13. Qb3 Nxc4 14.
Qxb7+ Qd7 15. Qxd7+ Bxd7 16. O-O-O Nxd5 17. Rxd5 Be6 18. Rb5 Nd6 19. Rc5 Rc8
20. Ra5 Rc7 21. Rd1 Be7 22. Bxe7 Kxe7 23. Ra6 Rd8 24. Re1 Rdc8 25. c3 Kd7 26.
Rd1 Rc6 27. Rxa7+ R8c7 28. Ra8 Ke7 29. Re1 Kf7 30. h3 Nb5 31. f4 Nxc3 32. bxc3
Rxc3+ 33. Kb1 Bf5+ 34. Ka1 Rc1+ 35. Rxc1 Rxc1+ 36. Kb2 Rc2+ 37. Kb3 Rxg2 38.
Ra5 Be6+ 39. Kc3 Rxa2 40. Rh5 Ra3+ 41. Kd4 Rxh3 42. Rg5 g6 43. Ra5 Bf5 44. Ra6
Rh1 45. Ke3 Re1+ 46. Kf3 Re6 47. Ra7+ Re7 48. Ra6 h5 49. Ra8 Bg4+ 50. Kg3 Re3+
51. Kh4 Kf6 52. Rf8+ Kg7 53. Ra8 Kf6 54. Rf8+ Ke6 55. Re8+ Kf5 56. Rxe3 Kxf4
57. Rf3+ Kxf3 58. Kg5 Kg3 59. Kxg6 h4 60. Kf6 h3 61. Ke5 h2 62. Kd4 h1=Q 63.
Ke5 Qe1+ 64. Kf6 Qe6+ 65. Kg7 Qa6 66. Kf7 Kf4 67. Ke7 Ke5 68. Kd8 Bd1 69. Kd7
Qb7+ 70. Ke8 Ke6 71. Kf8 Qf7# {Normal} 0-1

[Event "Rated Blitz game"]
[Site "?"]
[Date "2021.03.04"]
[Round "?"]
[White "Akshish"]
[Black "Mihaiionescu"]
[Result "1-0"]
[ECO "C42"]
[WhiteElo "2525"]
[BlackElo "2522"]
[PlyCount "41"]
[EventDate "2021.??.??"]
[EventType "blitz"]
[TimeControl "180"]

1. e4 e5 2. Nf3 Nf6 3. Nxe5 d6 4. Nxf7 Kxf7 5. Nc3 c5 6. Bc4+ Be6 7. Bxe6+ Kxe6
8. d4 Kf7 9. dxc5 d5 10. e5 d4 11. exf6 Qe8+ 12. Ne2 Bxc5 13. fxg7 Kxg7 14. Qd2
Qg6 15. O-O Nc6 16. Nf4 Qf5 17. Nd3 Bd6 18. Qh6+ Kf7 19. Qxd6 Rad8 20. Qc7+ Rd7
21. Qf4 {Normal} 1-0

[Event "Rated Blitz game"]
[Site "?"]
[Date "2021.03.04"]
[Round "?"]
[White "dbestsmiles"]
[Black "Prayer791"]
[Result "1-0"]
[ECO "C42"]
[WhiteElo "2476"]
[BlackElo "2567"]
[PlyCount "49"]
[EventDate "2021.??.??"]
[EventType "blitz"]
[TimeControl "180"]

1. e4 e5 2. Nf3 Nf6 3. Nxe5 d6 4. Nxf7 Kxf7 5. d4 Be6 6. Bd3 g6 7. O-O Bg7 8.
c3 Re8 9. f4 Kg8 10. Nd2 c5 11. Nf3 Bg4 12. Qb3+ Kh8 13. Ng5 Qe7 14. e5 Nh5 15.
Nf7+ Kg8 16. Nh6+ Kh8 17. Nxg4 cxd4 18. cxd4 dxe5 19. Nxe5 Nc6 20. Nf7+ Kg8 21.
Nd6+ Kh8 22. Nxe8 Bxd4+ 23. Kh1 Qh4 24. Be4 Ng3+ 25. Qxg3 {Normal} 1-0

[Event "Rated Blitz game"]
[Site "?"]
[Date "2021.03.02"]
[Round "?"]
[White "Spaltinho"]
[Black "Seras_Victoria"]
[Result "0-1"]
[ECO "C42"]
[WhiteElo "2228"]
[BlackElo "2405"]
[PlyCount "24"]
[EventDate "2021.??.??"]
[EventType "blitz"]
[TimeControl "180"]

1. e4 e5 2. Nf3 Nf6 3. Nxe5 d6 4. Nxf7 Kxf7 5. d4 c5 6. Nc3 cxd4 7. Qxd4 Nc6 8.
Bc4+ d5 9. Bxd5+ Nxd5 10. Qxd5+ Qxd5 11. exd5 Nd4 12. Kd2 Bf5 {Normal} 0-1

[Event "Rated Blitz game"]
[Site "?"]
[Date "2021.03.02"]
[Round "?"]
[White "Maanitef"]
[Black "d-pawn"]
[Result "0-1"]
[ECO "C42"]
[WhiteElo "2366"]
[BlackElo "2462"]
[PlyCount "62"]
[EventDate "2021.??.??"]
[EventType "blitz"]
[TimeControl "180"]

1. e4 e5 2. Nf3 Nf6 3. Nxe5 d6 4. Nxf7 Kxf7 5. d4 c5 6. Bc4+ Be6 7. Bxe6+ Kxe6
8. O-O cxd4 9. c3 d3 10. Qxd3 Nc6 11. Qc4+ d5 12. exd5+ Qxd5 13. Re1+ Kf7 14.
Qe2 Re8 15. Be3 Bc5 16. Nd2 Bxe3 17. fxe3 Rhf8 18. e4 Qh5 19. Qc4+ Re6 20. Nf3
Ne5 21. Qc7+ Re7 22. Qd6 Nxf3+ 23. gxf3 Qe5 24. Rad1 Qxd6 25. Rxd6 g5 26. e5
Nh5 27. Kf2 Nf4 28. Rf6+ Kg7 29. Rd6 Rfe8 30. Rg1 Nh3+ 31. Kg2 Nxg1 {Normal}
0-1

[Event "Rated Blitz game"]
[Site "?"]
[Date "2021.03.01"]
[Round "?"]
[White "Elyon2000"]
[Black "pete1988"]
[Result "1-0"]
[ECO "C42"]
[WhiteElo "2433"]
[BlackElo "2444"]
[PlyCount "65"]
[EventDate "2021.??.??"]
[EventType "blitz"]
[TimeControl "180"]

1. e4 e5 2. Nf3 Nf6 3. Nxe5 d6 4. Nxf7 Kxf7 5. d4 c5 6. Nc3 Nc6 7. d5 Ne5 8. f4
Ng6 9. Bc4 Bg4 10. Qd3 a6 11. a4 Be7 12. O-O Re8 13. h3 Bc8 14. e5 Ng8 15. Ne4
Nh6 16. b4 cxb4 17. Bb2 Kg8 18. Rae1 Bf5 19. g4 Bxe4 20. Qxe4 Rc8 21. Bb3 Kh8
22. g5 Ng8 23. e6 Rf8 24. Kh1 Nh4 25. Qd4 Nf5 26. Qd3 Rc5 27. h4 Re8 28. h5 Rf8
29. h6 Ngxh6 30. gxh6 Nxh6 31. Rg1 Bf6 32. Bd4 Bxd4 33. Qxd4 {Time forfeit} 1-0

[Event "Rated Blitz game"]
[Site "?"]
[Date "2021.03.01"]
[Round "?"]
[White "Schach_du_Nase"]
[Black "TsapulinAnatoly"]
[Result "0-1"]
[ECO "C42"]
[WhiteElo "2448"]
[BlackElo "2461"]
[PlyCount "52"]
[EventDate "2021.??.??"]
[EventType "blitz"]
[TimeControl "180"]

1. e4 e5 2. Nf3 Nf6 3. Nxe5 d6 4. Nxf7 Kxf7 5. d4 c6 6. Nc3 Be6 7. f4 d5 8. e5
Ne4 9. Nxe4 dxe4 10. c4 Bb4+ 11. Kf2 Rf8 12. Be3 Kg8 13. a3 Be7 14. Be2 a5 15.
Qb3 b5 16. Rhd1 a4 17. Qa2 bxc4 18. Bxc4 Bd5 19. Rac1 Na6 20. Bxd5+ cxd5 21. g4
Qd7 22. f5 Rfc8 23. Kg2 Rab8 24. Kg3 Rb3 25. Kf2 Bh4+ 26. Ke2 Qb5+ {Normal} 0-1

[Event "Rated Blitz game"]
[Site "?"]
[Date "2021.03.01"]
[Round "?"]
[White "exmath"]
[Black "germansanch"]
[Result "0-1"]
[ECO "C42"]
[WhiteElo "2241"]
[BlackElo "2415"]
[PlyCount "84"]
[EventDate "2021.??.??"]
[EventType "blitz"]
[TimeControl "180"]

1. e4 e5 2. Nf3 Nf6 3. Nxe5 d6 4. Nxf7 Kxf7 5. Nc3 c5 6. Bc4+ Be6 7. Bxe6+ Kxe6
8. d4 cxd4 9. Qxd4 Nc6 10. Qc4+ Kd7 11. Bf4 Qe8 12. O-O-O Qe6 13. Qb5 Kc8 14.
Rhe1 Be7 15. Nd5 Rd8 16. Rd3 Nxd5 17. Qxd5 Qxd5 18. exd5 Ne5 19. Bxe5 dxe5 20.
Rxe5 Bf6 21. Re4 Kd7 22. c4 Rac8 23. Rb3 b6 24. Kd2 Re8 25. Rxe8 Rxe8 26. Ra3
a5 27. Rb3 Bd4 28. Rh3 h6 29. Rg3 Bxb2 30. Rg6 Bf6 31. Rg3 Kd6 32. Rb3 Kc5 33.
Kd3 Bd8 34. Rb5+ Kd6 35. Rb1 a4 36. a3 Bc7 37. Rb4 Re5 38. Rxa4 Kd7 39. Rb4 Re1
40. g3 Rd1+ 41. Ke2 Rh1 42. h4 Ra1 {Time forfeit} 0-1

[Event "Rated Blitz game"]
[Site "?"]
[Date "2021.03.01"]
[Round "?"]
[White "Trigono56"]
[Black "chelipa"]
[Result "0-1"]
[ECO "C42"]
[WhiteElo "2411"]
[BlackElo "2365"]
[PlyCount "86"]
[EventDate "2021.??.??"]
[EventType "blitz"]
[TimeControl "300"]

1. e4 e5 2. Nf3 Nf6 3. Nxe5 d6 4. Nxf7 Kxf7 5. d4 c5 6. c3 cxd4 7. cxd4 d5 8.
e5 Ne4 9. g3 Bb4+ 10. Nd2 Rf8 11. f3 Nxd2 12. Bxd2 Bxd2+ 13. Qxd2 Kg8 14. Bg2
Nc6 15. O-O Qb6 16. Rad1 Be6 17. f4 Rad8 18. h3 h5 19. Rf3 Qb4 20. Qxb4 Nxb4
21. Rb3 Nc2 22. Rd2 Ne3 23. Rxe3 Rc8 24. Rc3 Rxc3 25. bxc3 Rc8 26. f5 Bf7 27.
e6 Be8 28. Bxd5 Rxc3 29. e7+ Kh7 30. Kf2 b6 31. Be6 Rc7 32. f6 gxf6 33. Bf5+
Kg7 34. Re2 Rc4 35. d5 Rd4 36. Be6 f5 37. Kf3 Kf6 38. Bg8 h4 39. gxh4 Bh5+ 40.
Ke3 Re4+ 41. Kd3 Bxe2+ 42. Kd2 Kxe7 43. h5 Bxh5 {Normal} 0-1

[Event "Rated Blitz game"]
[Site "?"]
[Date "2021.02.28"]
[Round "?"]
[White "Proteuo"]
[Black "pete1988"]
[Result "0-1"]
[ECO "C42"]
[WhiteElo "2381"]
[BlackElo "2411"]
[PlyCount "76"]
[EventDate "2021.??.??"]
[EventType "blitz"]
[TimeControl "180"]

1. e4 e5 2. Nf3 Nf6 3. Nxe5 d6 4. Nxf7 Kxf7 5. d4 c5 6. Bc4+ Be6 7. Bxe6+ Kxe6
8. Nc3 cxd4 9. Qxd4 Nc6 10. Qc4+ Kd7 11. Bf4 Qe8 12. O-O-O a6 13. Nd5 Nxd5 14.
exd5 Ne5 15. Qa4+ b5 16. Qd4 Qf7 17. Bxe5 dxe5 18. Qg4+ Kd6 19. Qb4+ Kd7 20.
Qg4+ Kd6 21. Qb4+ Kd7 22. d6 Qc4 23. Qa5 Rc8 24. c3 Rc6 25. Rhe1 Bxd6 26. Rxe5
Qf4+ 27. Re3 Re8 28. g3 Qh6 29. Rdd3 Rxe3 30. fxe3 Qxh2 31. Qb4 Qg1+ 32. Kc2
Qg2+ 33. Kb3 Qxg3 34. Qe4 Qg6 35. Qd5 Qe6 36. Qxe6+ Kxe6 37. a4 Rc5 38. axb5
axb5 {Time forfeit} 0-1

[Event "Rated Blitz game"]
[Site "?"]
[Date "2021.02.26"]
[Round "?"]
[White "Schach_du_Nase"]
[Black "micfel"]
[Result "1-0"]
[ECO "C42"]
[WhiteElo "2427"]
[BlackElo "2398"]
[PlyCount "35"]
[EventDate "2021.??.??"]
[EventType "blitz"]
[TimeControl "180"]

1. e4 e5 2. Nf3 Nf6 3. Nxe5 d6 4. Nxf7 Kxf7 5. d4 Nxe4 6. Qh5+ g6 7. Qd5+ Be6
8. Qxe4 d5 9. Qf3+ Kg7 10. Bf4 Nc6 11. c3 Bd6 12. Bxd6 Qxd6 13. Qg3 Qe7 14. Qe3
Rae8 15. Bd3 Qf7 16. O-O Rhf8 17. Qg3 Kg8 18. Nd2 {Normal} 1-0

[Event "Rated Blitz game"]
[Site "?"]
[Date "2021.02.26"]
[Round "?"]
[White "Schach_du_Nase"]
[Black "micfel"]
[Result "1-0"]
[ECO "C42"]
[WhiteElo "2437"]
[BlackElo "2388"]
[PlyCount "27"]
[EventDate "2021.??.??"]
[EventType "blitz"]
[TimeControl "180"]

1. e4 e5 2. Nf3 Nf6 3. Nxe5 d6 4. Nxf7 Kxf7 5. d4 c5 6. Nc3 cxd4 7. Qxd4 Nc6 8.
Bc4+ Be6 9. Bxe6+ Kxe6 10. Qc4+ Ke7 11. Bg5 Qd7 12. Nd5+ Kd8 13. Nxf6 gxf6 14.
Bxf6+ {Normal} 1-0

[Event "Rated Blitz tournament mXpV5TFI"]
[Site "?"]
[Date "2021.02.26"]
[Round "?"]
[White "Saparmyrat"]
[Black "Kimster98"]
[Result "1-0"]
[ECO "C42"]
[WhiteElo "2569"]
[BlackElo "2489"]
[PlyCount "41"]
[EventDate "2021.??.??"]
[EventType "blitz"]
[TimeControl "180+2"]

1. e4 e5 2. Nf3 Nf6 3. Nxe5 d6 4. Nxf7 Kxf7 5. Nc3 c5 6. Bc4+ Be6 7. Bxe6+ Kxe6
8. d4 Kf7 9. f4 cxd4 10. Qxd4 Nc6 11. Qc4+ Ke8 12. Be3 Ne7 13. O-O-O Qc8 14.
Qb3 Qc6 15. e5 dxe5 16. fxe5 Ne4 17. Rhf1 Qg6 18. Nxe4 Nc6 19. Qxb7 Rd8 20.
Nd6+ Bxd6 21. Qxc6+ {Normal} 1-0

[Event "Rated Blitz game"]
[Site "?"]
[Date "2021.02.26"]
[Round "?"]
[White "Dark32"]
[Black "al41ex"]
[Result "0-1"]
[ECO "C42"]
[WhiteElo "2413"]
[BlackElo "2435"]
[PlyCount "76"]
[EventDate "2021.??.??"]
[EventType "blitz"]
[TimeControl "180+2"]

1. e4 e5 2. Nf3 Nf6 3. Nxe5 d6 4. Nxf7 Kxf7 5. d4 c5 6. dxc5 Nc6 7. cxd6 Bxd6
8. Bd3 Re8 9. O-O Kg8 10. h3 Be6 11. Nc3 Bf7 12. Bg5 h6 13. Be3 Be5 14. Qd2
Bxc3 15. Qxc3 Nxe4 16. Bxe4 Rxe4 17. Rad1 Qf6 18. Qxf6 gxf6 19. Rd7 Re7 20.
Rxe7 Nxe7 21. Bxh6 Bxa2 22. Be3 Bc4 23. Rd1 Bb5 24. Bc5 Kf7 25. Rd4 Bc6 26. c4
Rg8 27. g3 a6 28. Kh2 Nf5 29. Rf4 Ke6 30. Bb6 Nd6 31. b3 f5 32. h4 Ne4 33. h5
Ng5 34. Bd4 Nf3+ 35. Rxf3 Bxf3 36. h6 Rg5 37. g4 fxg4 38. Kg3 Rh5 {Normal} 0-1

[Event "Rated Blitz game"]
[Site "?"]
[Date "2021.02.25"]
[Round "?"]
[White "tabacochanel"]
[Black "adnansendur"]
[Result "1-0"]
[ECO "C42"]
[WhiteElo "2422"]
[BlackElo "2420"]
[PlyCount "85"]
[EventDate "2021.??.??"]
[EventType "blitz"]
[TimeControl "180"]

1. e4 e5 2. Nf3 Nf6 3. Nxe5 d6 4. Nxf7 Kxf7 5. d4 Qe8 6. Bd3 Nc6 7. c3 g6 8.
O-O Bg7 9. Qb3+ Ke7 10. f4 Rf8 11. Nd2 Kd8 12. Nc4 d5 13. Ne5 dxe4 14. Bb5 Bd7
15. Nxd7 Qxd7 16. d5 Nxd5 17. Rd1 Nd4 18. Bxd7 Nxb3 19. axb3 c6 20. Be6 Kc7 21.
Bxd5 Rfd8 22. c4 cxd5 23. cxd5 b6 24. Be3 Kb7 25. Bd4 Bxd4+ 26. Rxd4 Rac8 27.
Rxe4 Rc7 28. Re5 Rcd7 29. Rd1 a5 30. Kf2 Kc7 31. Ke3 Kd6 32. Ke4 Kc5 33. Rd4
Rd6 34. g4 R8d7 35. h4 b5 36. f5 gxf5+ 37. gxf5 Rg7 38. Re6 Rg4+ 39. Ke5 Rxe6+
40. dxe6 Rxd4 41. f6 Rd1 42. f7 Re1+ 43. Kf6 {Time forfeit} 1-0

[Event "Rated Blitz game"]
[Site "?"]
[Date "2021.02.24"]
[Round "?"]
[White "Monkey_King"]
[Black "Parwis"]
[Result "1-0"]
[ECO "C42"]
[WhiteElo "2572"]
[BlackElo "2519"]
[PlyCount "63"]
[EventDate "2021.??.??"]
[EventType "blitz"]
[TimeControl "180"]

1. e4 e5 2. Nf3 Nf6 3. Nxe5 d6 4. Nxf7 Kxf7 5. Nc3 c5 6. Bc4+ Be6 7. Bxe6+ Kxe6
8. d4 cxd4 9. Qxd4 Nc6 10. Qc4+ Kd7 11. Bf4 Ke8 12. O-O-O Qa5 13. Nd5 Nxd5 14.
exd5 Ne5 15. Bxe5 dxe5 16. d6 Kd7 17. Qf7+ Kc6 18. Qc4+ Qc5 19. Qe4+ Kb6 20.
Rd5 Bxd6 21. Rxc5 Bxc5 22. Qxe5 a6 23. Qxg7 Ka7 24. f3 Be3+ 25. Kb1 Rag8 26.
Qc3 Bb6 27. g3 Rc8 28. Qb3 Rc5 29. a4 Rhc8 30. Rd1 Rxc2 31. Qxc2 Rxc2 32. Kxc2
{Normal} 1-0

[Event "Rated Rapid game"]
[Site "?"]
[Date "2021.02.24"]
[Round "?"]
[White "TasteOfDarkness"]
[Black "wampirszachowy"]
[Result "1/2-1/2"]
[ECO "C42"]
[WhiteElo "2406"]
[BlackElo "2293"]
[PlyCount "67"]
[EventDate "2021.??.??"]
[EventType "rapid"]
[TimeControl "600"]

1. e4 e5 2. Nf3 Nf6 3. Nxe5 d6 4. Nxf7 Kxf7 5. d4 Qe8 6. Bd3 Be7 7. O-O Rf8 8.
e5 dxe5 9. dxe5 Ng4 10. h3 Nxe5 11. Qh5+ Ng6 12. Bc4+ Be6 13. Bxe6+ Kxe6 14.
Re1+ Kd7 15. Nc3 Kc8 16. Bg5 Nc6 17. Rad1 Qf7 18. Qg4+ Kb8 19. Bxe7 Qxf2+ 20.
Kh1 Ngxe7 21. Qxg7 b6 22. Rxe7 Nxe7 23. Qxe7 Qf7 24. Qe4 a5 25. Nd5 Ka7 26. Ne7
Rae8 27. Nc6+ Ka6 28. Qd3+ Kb7 29. Qb5 Qf5 30. Nxa5+ Ka7 31. Nc6+ Kb7 32. Na5+
Ka7 33. Nc6+ Kb7 34. Na5+ {Normal} 1/2-1/2

[Event "Rated Blitz game"]
[Site "?"]
[Date "2021.02.23"]
[Round "?"]
[White "SrPopando"]
[Black "Oleggelo17"]
[Result "0-1"]
[ECO "C42"]
[WhiteElo "2486"]
[BlackElo "2350"]
[PlyCount "124"]
[EventDate "2021.??.??"]
[EventType "blitz"]
[TimeControl "180+2"]

1. e4 e5 2. Nf3 Nf6 3. Nxe5 d6 4. Nxf7 Kxf7 5. Nc3 Be7 6. Bc4+ Be6 7. Bxe6+
Kxe6 8. f4 Re8 9. O-O Kf7 10. d4 Kg8 11. e5 dxe5 12. fxe5 Nd5 13. Ne4 Nc6 14.
c3 Rf8 15. Rxf8+ Qxf8 16. Qb3 Rd8 17. Qxb7 Qf5 18. Ng3 Qe6 19. Qb3 Na5 20. Qc2
c5 21. Qa4 Nc6 22. Bd2 cxd4 23. cxd4 Nb6 24. Qa6 Nxd4 25. Bc3 Nc8 26. Qxe6+
Nxe6 27. Ne4 Nb6 28. Re1 Nc5 29. g3 Nxe4 30. Rxe4 Kf7 31. e6+ Kg8 32. Rg4 g6
33. Rf4 Nd5 34. Rf7 Nxc3 35. Rxe7 Ne2+ 36. Kf2 Nd4 37. Rxa7 Nxe6 38. b4 Rd2+
39. Ke3 Rxh2 40. b5 Rb2 41. a4 Nc5 42. Kd4 Nxa4 43. Rxa4 Rxb5 44. Ke3 Rf5 45.
Ra7 Rf7 46. Ra4 Kg7 47. Ra5 h5 48. Ra4 Rf5 49. g4 hxg4 50. Rxg4 Kh6 51. Rg1 g5
52. Rh1+ Kg6 53. Rg1 Rf8 54. Ke2 Rf5 55. Ke3 Rf4 56. Ke2 Kf5 57. Rg2 g4 58. Rf2
g3 59. Rf3 Kg4 60. Rxf4+ Kxf4 61. Kf1 Kf3 62. Kg1 g2 {Normal} 0-1

[Event "Rated Blitz game"]
[Site "?"]
[Date "2021.02.23"]
[Round "?"]
[White "RatzFatzWeg"]
[Black "Srbislav"]
[Result "0-1"]
[ECO "C42"]
[WhiteElo "2419"]
[BlackElo "2324"]
[PlyCount "38"]
[EventDate "2021.??.??"]
[EventType "blitz"]
[TimeControl "180+2"]

1. e4 e5 2. Nf3 Nf6 3. Nxe5 d6 4. Nxf7 Kxf7 5. Nc3 Qe8 6. d4 c5 7. dxc5 dxc5 8.
Be3 Nc6 9. Qd3 Be6 10. O-O-O Rd8 11. Qb5 Rxd1+ 12. Kxd1 Qd7+ 13. Kc1 a6 14. Qb6
Nd4 15. f4 g6 16. e5 Nd5 17. Nxd5 Qxd5 18. b3 Be7 19. g4 Qxh1 {Normal} 0-1

[Event "Rated Rapid game"]
[Site "?"]
[Date "2021.02.23"]
[Round "?"]
[White "Serg_T"]
[Black "manhastamm"]
[Result "0-1"]
[ECO "C42"]
[WhiteElo "2455"]
[BlackElo "2535"]
[PlyCount "40"]
[EventDate "2021.??.??"]
[EventType "rapid"]
[TimeControl "600"]

1. e4 e5 2. Nf3 Nf6 3. Nxe5 d6 4. Nxf7 Kxf7 5. d4 c5 6. dxc5 Nc6 7. cxd6 Bxd6
8. Bc4+ Be6 9. Bxe6+ Kxe6 10. O-O Kf7 11. c3 Re8 12. Nd2 Kg8 13. Qb3+ Kh8 14.
Qxb7 Ne5 15. Qa6 Nfg4 16. h3 Qf6 17. Qe2 Rf8 18. hxg4 Qh4 19. g3 Qh3 20. f4
Bc5+ {Normal} 0-1

[Event "Rated Blitz game"]
[Site "?"]
[Date "2021.02.23"]
[Round "?"]
[White "SrPopando"]
[Black "SunnyDays7"]
[Result "1-0"]
[ECO "C42"]
[WhiteElo "2475"]
[BlackElo "2305"]
[PlyCount "49"]
[EventDate "2021.??.??"]
[EventType "blitz"]
[TimeControl "180+2"]

1. e4 e5 2. Nf3 Nf6 3. Nxe5 d6 4. Nxf7 Kxf7 5. Nc3 c5 6. Bc4+ Be6 7. Bxe6+ Kxe6
8. d4 cxd4 9. Qxd4 Nc6 10. Qc4+ Kd7 11. Bf4 Qa5 12. O-O-O Kc8 13. Qe6+ Kc7 14.
Bxd6+ Bxd6 15. Qxd6+ Kb6 16. Rd5 Rad8 17. Rxa5 Rxd6 18. Rb5+ Kc7 19. e5 Nxe5
20. Rxe5 a6 21. Rd1 Rhd8 22. Re7+ R6d7 23. Rdxd7+ Rxd7 24. Rxd7+ Kxd7 25. Kd2 {
Normal} 1-0

[Event "Rated Blitz game"]
[Site "?"]
[Date "2021.02.23"]
[Round "?"]
[White "Kovalchuk_i_Lyashko"]
[Black "positionaloldman"]
[Result "0-1"]
[ECO "C42"]
[WhiteElo "2203"]
[BlackElo "2478"]
[PlyCount "40"]
[EventDate "2021.??.??"]
[EventType "blitz"]
[TimeControl "180"]

1. e4 e5 2. Nf3 Nf6 3. Nxe5 d6 4. Nxf7 Kxf7 5. Nc3 Be6 6. d4 Be7 7. d5 Bd7 8.
f4 Re8 9. Bd3 Kg8 10. O-O Bf8 11. Be3 Na6 12. Bxa6 bxa6 13. Qf3 Rb8 14. b3 Rb4
15. e5 dxe5 16. fxe5 Rxe5 17. Rae1 Bg4 18. Qg3 Bd6 19. Bf4 Rxe1 20. Rxe1 Rxf4 {
Normal} 0-1

[Event "Rated Blitz game"]
[Site "?"]
[Date "2021.02.23"]
[Round "?"]
[White "nobibla"]
[Black "pmlmail"]
[Result "0-1"]
[ECO "C42"]
[WhiteElo "2350"]
[BlackElo "2535"]
[PlyCount "60"]
[EventDate "2021.??.??"]
[EventType "blitz"]
[TimeControl "180"]

1. e4 e5 2. Nf3 Nf6 3. Nxe5 d6 4. Nxf7 Kxf7 5. d4 g6 6. Nc3 Be7 7. Bd3 Rf8 8.
O-O Nc6 9. f4 Kg7 10. d5 Nb4 11. Be2 c5 12. a3 Na6 13. e5 Nd7 14. e6 Nf6 15. f5
Nc7 16. g4 gxf5 17. gxf5 Kh8 18. Kh1 b5 19. b4 Bb7 20. Bf3 cxb4 21. axb4 a5 22.
Bb2 axb4 23. Ne4 Rxa1 24. Qxa1 Bxd5 25. Nxf6 Bxf3+ 26. Rxf3 Bxf6 27. Bd4 Nd5
28. Qb2 Qa8 29. Kg1 Nc3 30. Qxb4 Ne2+ {Normal} 0-1

[Event "Rated Blitz game"]
[Site "?"]
[Date "2021.02.22"]
[Round "?"]
[White "Shukh_Nikolay"]
[Black "pete1988"]
[Result "1-0"]
[ECO "C42"]
[WhiteElo "2492"]
[BlackElo "2419"]
[PlyCount "105"]
[EventDate "2021.??.??"]
[EventType "blitz"]
[TimeControl "180"]

1. e4 e5 2. Nf3 Nf6 3. Nxe5 d6 4. Nxf7 Kxf7 5. Nc3 Nc6 6. d4 d5 7. e5 Ng4 8. h3
Nh6 9. Bxh6 gxh6 10. Qf3+ Ke6 11. Nxd5 Qxd5 12. Qf6+ Kd7 13. Qxh8 Qe4+ 14. Kd2
Bb4+ 15. c3 Qxd4+ 16. Kc2 Qxf2+ 17. Kb3 Qf7+ 18. Ka4 Bc5 19. Rd1+ Ke7 20. Qf6+
Qxf6 21. exf6+ Kxf6 22. Bd3 Bd7 23. Kb3 Ne5 24. Bxh7 Bd6 25. Rhf1+ Kg7 26. Bf5
Bb5 27. Rf4 Rf8 28. g4 Bc6 29. Kc2 a5 30. Rff1 a4 31. h4 Bb5 32. Rfe1 Bc6 33.
Be4 Bb5 34. Bxb7 Bd7 35. g5 hxg5 36. hxg5 Bf5+ 37. Be4 Be6 38. b3 axb3+ 39.
axb3 Ra8 40. Kb2 Rb8 41. b4 Nc4+ 42. Kc1 Bf4+ 43. Kc2 Ne3+ 44. Rxe3 Bxe3 45. g6
Bg5 46. Rd4 Rd8 47. Rxd8 Bxd8 48. Kd3 Be7 49. Kd4 Bf5 50. Bxf5 Bf6+ 51. Kd5 Be7
52. Kc6 Kf6 53. Bd3 {Time forfeit} 1-0

[Event "Rated Blitz game"]
[Site "?"]
[Date "2021.02.22"]
[Round "?"]
[White "Haubentaucher"]
[Black "adnansendur"]
[Result "0-1"]
[ECO "C42"]
[WhiteElo "2416"]
[BlackElo "2367"]
[PlyCount "122"]
[EventDate "2021.??.??"]
[EventType "blitz"]
[TimeControl "180"]

1. e4 e5 2. Nf3 Nf6 3. Nxe5 d6 4. Nxf7 Kxf7 5. Nc3 Qe8 6. d3 c5 7. f4 Nc6 8.
Be2 g6 9. O-O Bg7 10. Be3 Rf8 11. Qd2 Kg8 12. h3 Nd4 13. Rae1 Bd7 14. Bd1 Bc6
15. Ne2 Nxe2+ 16. Bxe2 Rd8 17. c3 Kh8 18. c4 b5 19. b3 b4 20. Bf3 Qe7 21. Kh2
Qc7 22. g3 Rfe8 23. Bg1 Qb7 24. Re2 Re7 25. Rfe1 Rde8 26. Qc2 Nd7 27. h4 Nf6
28. g4 Qc8 29. g5 Nh5 30. Bxh5 gxh5 31. Be3 Qg4 32. Rg2 Qxh4+ 33. Kg1 Bd4 34.
Qf2 Qxf2+ 35. Bxf2 Bxf2+ 36. Rxf2 Rf8 37. Kg2 Kg7 38. Kg3 Ref7 39. Ref1 Bd7 40.
f5 h6 41. g6 Rf6 42. Kh4 Re8 43. Kxh5 Re5 44. Kg4 Rxg6+ 45. Kf4 Rg5 46. Rf3 Be8
47. Rg3 Rxg3 48. Kxg3 Kf6 49. Kf4 Re7 50. Rh1 h5 51. d4 cxd4 52. Rd1 h4 53.
Rxd4 Rd7 54. Kg4 Ke5 55. Rd5+ Kxe4 56. Kxh4 Bf7 57. Rd1 Kxf5 58. Rf1+ Ke6 59.
Kg5 Ke7 60. Re1+ Be6 61. Rf1 d5 {Time forfeit} 0-1

[Event "Rated Blitz game"]
[Site "?"]
[Date "2021.02.22"]
[Round "?"]
[White "Haubentaucher"]
[Black "pete1988"]
[Result "1-0"]
[ECO "C42"]
[WhiteElo "2403"]
[BlackElo "2417"]
[PlyCount "117"]
[EventDate "2021.??.??"]
[EventType "blitz"]
[TimeControl "180"]

1. e4 e5 2. Nf3 Nf6 3. Nxe5 d6 4. Nxf7 Kxf7 5. Nc3 c5 6. Bc4+ Be6 7. Bxe6+ Kxe6
8. O-O Nc6 9. d3 Qe8 10. f4 Qh5 11. Qd2 Nd4 12. Nd1 Be7 13. c3 Ne2+ 14. Kh1 Ng4
15. h3 Ng3+ 16. Kg1 Nxf1 17. hxg4 Nxd2 18. gxh5 Nxe4 19. dxe4 d5 20. e5 g5 21.
fxg5 Kxe5 22. Nf2 Rhg8 23. Nh3 Rae8 24. Bf4+ Kf5 25. Rf1 Ke4 26. Re1+ Kd3 27.
Re3+ Kc2 28. Re2+ Kb1 29. a4 Bd8 30. Rd2 d4 31. cxd4 cxd4 32. Kh2 Bb6 33. b4 a5
34. bxa5 Bc5 35. Nf2 Rgf8 36. g3 Re1 37. Nd3 Rfe8 38. Nxc5 R8e2+ 39. Rxe2 Rxe2+
40. Kh3 Kc2 41. g6 hxg6 42. hxg6 d3 43. g7 Re8 44. Ne4 Rg8 45. Be5 d2 46. Nxd2
Kxd2 47. Kg4 Kd3 48. Kf5 Kc4 49. g4 Kb4 50. g5 Kxa5 51. g6 Kxa4 52. Kf6 Rd8 53.
Kf7 Rd7+ 54. Ke6 Rd8 55. Bd6 Rg8 56. Bf8 b5 57. Kf7 Rxg7+ 58. Bxg7 b4 59. Bf6 {
Time forfeit} 1-0

[Event "Rated Blitz game"]
[Site "?"]
[Date "2021.02.22"]
[Round "?"]
[White "SrPopando"]
[Black "sisis82"]
[Result "1-0"]
[ECO "C42"]
[WhiteElo "2460"]
[BlackElo "2500"]
[PlyCount "123"]
[EventDate "2021.??.??"]
[EventType "blitz"]
[TimeControl "180+2"]

1. e4 e5 2. Nf3 Nf6 3. Nxe5 d6 4. Nxf7 Kxf7 5. Nc3 c5 6. Bc4+ d5 7. Nxd5 Be6 8.
Qf3 Nc6 9. Nxf6 Qxf6 10. Bxe6+ Kxe6 11. Qb3+ Kd6 12. d3 Kc7 13. Be3 Bd6 14. O-O
Nd4 15. Bxd4 cxd4 16. g3 Raf8 17. f4 Qf7 18. Qa4 Kb8 19. Qxd4 Bc7 20. Kg2 h5
21. h3 g5 22. fxg5 Qe7 23. h4 Be5 24. Qd5 Rd8 25. Rf7 Rxd5 26. Rxe7 Rc5 27. c3
Bd6 28. Rd7 Bc7 29. d4 Rb5 30. b4 a5 31. a4 Rb6 32. b5 Rc8 33. c4 Re6 34. e5 b6
35. Re1 Rce8 36. Rh7 Rf8 37. Rxh5 Re7 38. Rh6 Bd8 39. Rf6 Rg8 40. Ref1 Rd7 41.
Rd6 Rc7 42. Rxb6+ Kc8 43. Rc6 Rxc6 44. bxc6 Bc7 45. Rf7 Rd8 46. Rd7 Rg8 47. Kf3
Rg6 48. Rf7 Rxc6 49. c5 Bd8 50. Ke4 Ra6 51. Kf5 Ra8 52. g6 Rb8 53. g7 Rb1 54.
g8=Q Rf1+ 55. Ke6 Rb1 56. Rf8 Kb7 57. Rxd8 Ka7 58. Rd7+ Rb7 59. Qc8 Rxd7 60.
Qxd7+ Ka6 61. c6 Kb6 62. Qb7# {Normal} 1-0

[Event "Rated Blitz game"]
[Site "?"]
[Date "2021.02.21"]
[Round "?"]
[White "Roman_Morozov"]
[Black "readycash"]
[Result "1-0"]
[ECO "C42"]
[WhiteElo "2611"]
[BlackElo "2616"]
[PlyCount "63"]
[EventDate "2021.??.??"]
[EventType "blitz"]
[TimeControl "180"]

1. e4 e5 2. Nf3 Nf6 3. Nxe5 d6 4. Nxf7 Kxf7 5. d4 c5 6. Bc4+ d5 7. exd5 b5 8.
Be2 cxd4 9. Qxd4 Qxd5 10. Qxd5+ Nxd5 11. O-O Bb7 12. Bxb5 Nb4 13. Bc4+ Kg6 14.
c3 Ba6 15. Bxa6 N4xa6 16. Bf4 Nd7 17. Rd1 Nf6 18. Nd2 Nc5 19. Be3 a5 20. Nc4 a4
21. f3 Be7 22. Ne5+ Kf5 23. Nc6 Bf8 24. g4+ Ke6 25. Nd8+ Rxd8 26. Rxd8 Nd5 27.
Bf2 Nd3 28. Rd1 Nxf2 29. R1xd5 Bc5 30. Kg2 Rxd8 31. Rxd8 Ke5 32. Rd2 {Normal}
1-0